 Dungeon Crawl Stone Soup version 0.26.1-2-gb8aa6d0cf2 (webtiles) character file.

Game seed: 15815452824003081124

1185 sankara the Frost Mage (level 8, -2/52 HPs)
             Began as a Merfolk Ice Elementalist on Mar 25, 2021.
             Slain by a bullfrog (5 damage)
             ... on level 6 of the Dungeon.
             The game lasted 00:19:03 (6074 turns).

sankara the Frost Mage (Merfolk Ice Elementalist)   Turns: 6074, Time: 00:19:03

Health: -2/52      AC:  5    Str:  8    XL:     8   Next: 42%
Magic:  7/16       EV: 13    Int: 16    God:
Gold:   48         SH:  5    Dex: 15    Spells: 3/18 levels left

rFire    + . .     SeeInvis +   H - +5 long sword of Purpose {vorpal, Fragile rElec rPois rF+}
rCold    . . .     Faith    .   (no shield)
rNeg     . . .     Spirit   .   B - +0 robe {Will+}
rPois    +         Reflect  +   (no helmet)
rElec    +         Harm     .   I - +1 cloak
rCorr    .         Rampage  .   u - +0 pair of gloves
Will     +....                  (no boots)
Stlth    ++........             i - amulet of reflection
HPRegen  0.17/turn              h - ring of see invisible
MPRegen  0.15/turn              (no ring)

@: frozen ramparts
A: change form in water, swift swim, stealthy swim
a: no special abilities


You were on level 6 of the Dungeon.
You visited 1 branch of the dungeon, and saw 6 of its levels.

You collected 320 gold pieces.
You spent 272 gold pieces at shops.

Inventory:

Hand Weapons
 a - a +0 whip
 e - a +2 dagger of protection
 x - a +1 short sword of speed
 A - a +5 flail of protection
 H - the +5 long sword of Purpose (weapon) {vorpal, Fragile rElec rPois rF+}
   (You bought it in a shop on level 5 of the Dungeon)

   It inflicts extra damage upon your enemies.
   It protects you from fire.
   It insulates you from electricity.
   It protects you from poison.
   It will be destroyed if unequipped.
Missiles
 s - 27 poisoned darts
 t - 4 boomerangs
Armour
 d - a +0 robe
 u - a +0 pair of gloves (worn)
 B - a +0 robe of willpower (worn)
 I - a +1 cloak (worn)
Jewellery
 h - a ring of see invisible (left hand)
 i - an amulet of reflection (around neck)
 l - an uncursed ring of flight {unknown}
 p - an uncursed amulet of regeneration {unknown}
Wands
 n - a wand of acid (4)
 w - a wand of iceblast (5)
 z - a wand of paralysis (3)
 C - a wand of digging (3)
 D - a wand of flame (19)
Scrolls
 g - 2 scrolls of noise {unknown}
 j - 2 scrolls of enchant armour {unknown}
 k - 4 scrolls of identify {unknown}
 m - a scroll of blinking {unknown}
 y - a scroll of random uselessness {unknown}
 E - 2 scrolls of remove curse {unknown}
Potions
 b - 2 potions of heal wounds {unknown}
 c - 3 potions of curing {unknown}
 f - a potion of flight {unknown}
 o - 2 potions of degeneration {unknown}
 q - a potion of brilliance {unknown}
 r - a potion of invisibility {unknown}
 v - a potion of haste {unknown}
 F - a potion of ambrosia {unknown}
 G - a potion of resistance {unknown}
 J - a potion of mutation {unknown}


   Skills:
 - Level 2.6 Dodging
 - Level 2.1 Stealth
 + Level 5.8 Spellcasting
 - Level 3.0 Conjurations
 + Level 2.3 Summonings
 + Level 8.0 Ice Magic


You had 3 spell levels left.
You knew the following spells:

 Your Spells              Type           Power        Failure   Level
a - Freeze                Ice            100%         1%          1
b - Frozen Ramparts       Ice            60%          1%          3
c - Ozocubu's Armour      Ice            30%          1%          3
d - Hailstorm             Conj/Ice       22%          14%         4
e - Summon Ice Beast      Ice/Summ       21%          17%         4

Your spell library contained the following spells:

 Spells                   Type           Power        Failure   Level
 Magic Dart               Conj           56%          4%          1
 Call Imp                 Summ           12%          9%          2
 Blink                    Tloc           N/A          22%         2
 Slow                     Hex            4%           22%         2
 Conjure Flame            Conj/Fire      9%           22%         3
 Mephitic Cloud           Conj/Pois/Air  7%           28%         3


Dungeon Overview and Level Annotations

Branches:
Dungeon (6/15)
 Temple: D:4-7

Altars:
Dithmenos
Elyvilon

Shops:
D:5 **}(

Annotations:
D:4 2 transporters, IHuginn's ghost, amateur OgBe


Message History

The wall freezes the bullfrog.
The bullfrog seems to slow down.
The bullfrog hits you.
* * * LOW HITPOINT WARNING * * *
The wall freezes the bullfrog.
The bullfrog seems to slow down.
The bullfrog barely misses you.
You riposte.
You barely miss the bullfrog.
The bullfrog is severely wounded.
You hit the bullfrog.
The bullfrog is almost dead.
The wall freezes the bullfrog.
The bullfrog seems to slow down.
The wall freezes the bullfrog.
You kill the bullfrog!
The wall freezes the bullfrog.
The bullfrog seems to slow down.
Your Ice Magic skill increases to level 8!
You slash the bullfrog!
The bullfrog is severely wounded.
The wall freezes the bullfrog.
The bullfrog hits you.
* * * LOW HITPOINT WARNING * * *
The wall freezes the bullfrog.
The bullfrog seems to slow down.
The bullfrog hits you.
You die...

####.# # .# ..##.# #$
#####.# #.##.#
#.###..$#.# #.##.#
...#......## #.##.#
.......... #.##..
#.....# #.##..
##.###..[##########.(...
..(...†@....#...........
.######F###...########.<
#.# ##### #.. ..# #..
.... .## #.. ..<.#
.....#.. .##.## #.... #F
#. ##... ##..


You could see a bullfrog (slow).

Vanquished Creatures
  Eustachio (D:5)
  Menkaure (D:6)
  Edmund (D:5)
  An ice beast (D:5)
  A phantom (D:4)
  An ogre (D:5)
  Blork the orc (D:5)
  A bullfrog (D:6)
  A howler monkey (D:4)
  An orc priest (D:5)
  Crazy Yiuf (D:5)
  A worker ant (D:6)
  Ijyb (D:5)
  4 iguanas
  6 adders
  A white imp (D:5)
  An ufetubus (D:5)
  2 oozes
  2 adder zombies
  3 dart slugs (D:1)
  7 leopard geckos
  5 orcs
  A ball python (D:2)
  6 bats
  2 giant cockroaches
  4 goblins
  6 hobgoblins
  4 jackals (D:1)
  7 kobolds
  5 quokkas
  6 frilled lizards
  A jackal skeleton (D:4)
  2 leopard gecko skeletons
  7 rats
95 creatures vanquished.

Vanquished Creatures (others)
  An orc (D:4)
1 creature vanquished.

Grand Total: 96 creatures vanquished

Notes
Turn   | Place    | Note
-------+----------+-------------------------------------------
     0 | D:1      | sankara the Merfolk Ice Elementalist began the quest for
                  | the Orb.
     0 | D:1      | Reached XP level 1. HP: 13/13 MP: 3/3
    77 | D:1      | Reached XP level 2. HP: 5/19 MP: 0/5
   456 | D:1      | Reached XP level 3. HP: 20/24 MP: 6/6
   536 | D:1      | Learned a level 3 spell: Frozen Ramparts
   540 | D:1      | Learned a level 3 spell: Ozocubu's Armour
   563 | D:1      | Reached skill level 5 in Ice Magic
  1073 | D:2      | Reached XP level 4. HP: 27/30 MP: 0/8
  1918 | D:3      | Found a shadowy altar of Dithmenos.
  2783 | D:4      | Reached XP level 5. HP: 7/35 MP: 7/10
  3065 | D:4      | Noticed IHuginn's ghost (amateur OgBe)
  3066 | D:4      | Found a transporter.
  3079 | D:4      | Found a transporter.
  3100 | D:4      | Reached skill level 6 in Ice Magic
  3178 | D:4      | Learned a level 4 spell: Hailstorm
  3391 | D:4      | Noticed a phantom
  3496 | D:4      | Killed a phantom
  3497 | D:4      | Reached skill level 1 in Conjurations
  3497 | D:4      | Reached XP level 6. HP: 21/41 MP: 4/12
  4050 | D:5      | Entered Level 5 of the Dungeon
  4063 | D:5      | Noticed Ijyb
  4069 | D:5      | Paralysed by Ijyb for 2 turns
  4071 | D:5      | Killed Ijyb
  4151 | D:5      | Found a white marble altar of Elyvilon.
  4152 | D:5      | Noticed Edmund
  4175 | D:5      | Killed Edmund
  4176 | D:5      | Reached XP level 7. HP: 28/46 MP: 1/14
  4390 | D:5      | Reached skill level 7 in Ice Magic
  4813 | D:5      | Found Giejuduo's General Store.
  4819 | D:5      | Noticed Eustachio
  4826 | D:5      | Killed Eustachio
  4827 | D:5      | Reached skill level 5 in Spellcasting
  5096 | D:5      | Found Enequdiq's Gadget Shop.
  5182 | D:5      | Found Yniffaic's General Store.
  5244 | D:5      | Found a runed translucent door.
  5245 | D:5      | Noticed Crazy Yiuf
  5454 | D:5      | Noticed Blork the orc
  5458 | D:5      | Killed Blork the orc
  5466 | D:5      | Learned a level 4 spell: Summon Ice Beast
  5626 | D:5      | Found Saaly's Antique Weapon Boutique.
  5640 | D:5      | Reached skill level 1 in Summonings
  5640 | D:5      | Reached XP level 8. HP: 52/52 MP: 11/16
  5670 | D:5      | Bought a translucent long sword for 272 gold pieces
  5670 | D:5      | Identified the +5 long sword of Purpose {vorpal, Fragile
                  | rElec rPois rF+} (You bought it in a shop on level 5 of the
                  | Dungeon)
  5884 | D:5      | Killed Crazy Yiuf
  6058 | D:6      | Noticed Menkaure
  6068 | D:6      | Killed Menkaure
  6074 | D:6      | Reached skill level 8 in Ice Magic
  6074 | D:6      | Slain by a bullfrog

Illustrated notes

Levels and vault maps discovered:
D:1:      dpeg_arrival_tiny_i, layout_rooms, st_stairs_4,
          kennysheep_nondescript, hangedman_decor_push
D:2:      layout_basic, chequers_serial_rivers_micro_e
D:3:      layout_basic, grunt_dithmenos_smoke_and_mirrors
D:4:      layout_loops_ring, gammafunk_ghost_mausoleum
D:5:      layout_loops_ring, elyvilon_altar_3, serial_shops, shop,
          shop_fountains, shop, nicolae_shop_waterfront, uniq_ijyb, uniq_edmund,
          uniq_blork_the_orc, uniq_crazy_yiuf_cottage, uniq_eustachio
D:6:      layout_loops_ring, dancing_weapons_uskayaw, kennysheep_mini_moat,
          minmay_temple_entry_waves, minmay_manual_mess, uniq_sigmund,
          uniq_menkaure, uniq_maggie

Skill      XL: |  1  2  3  4  5  6  7  8 |
---------------+-------------------------+-----
Ice Magic      | 5 6 7 8 |  8.0
Spellcasting   | 3 4 5 |  5.8
Conjurations   | 1 2 3 |  3.0
Summonings     | 1 2 |  2.3
Dodging        | |  2.6
Stealth        | |  2.1

Action                   |  1- 3 |  4- 6 |  7- 9 || total
-------------------------+-------+-------+-------++-------
Melee: Whip              |     1 |       |       ||     1
       Dagger            |    90 |   153 |    92 ||   335
       Long sword        |       |       |    15 ||    15
 Cast: Freeze            |    10 |    15 |    12 ||    37
       Frozen Ramparts   |     2 |    11 |     8 ||    21
       Ozocubu's Armour  |     1 |       |     2 ||     3
       Hailstorm         |       |     2 |     6 ||     8
Evoke: Wand              |       |     1 |       ||     1
 Stab: Sleeping          |       |     4 |     1 ||     5
       Distracted        |       |     1 |       ||     1
Armor: Robe              |    26 |    32 |    37 ||    95
Dodge: Dodged            |    63 |    69 |    53 ||   185
Block: Other             |     8 |    30 |    20 ||    58
       Reflection        |     1 |     1 |     1 ||     3
       Rpst.: Long sword |       |       |     3 ||     3
